 Dungeon Crawl Stone Soup version 0.24.0-125-gc4c63601f3 (webtiles) character file.

Game seed: 9775389409399006656, levelgen mode: deterministic

47 Descartes the Skirmisher (level 3, -2/17 HPs)
             Began as a Felid Wanderer on Mar 7, 2020.
             Slain by an orc
             ... wielding a +0 flail
              (5 damage)
             ... on level 2 of the Dungeon on Mar 8, 2020.
             The game lasted 00:05:50 (2466 turns).

Descartes the Skirmisher (Felid Wanderer)           Turns: 2466, Time: 00:05:51

Health: -2/17      AC:  1    Str:  6    XL:     3   Next: 48%
Magic:  6/6        EV: 16    Int: 15    God:
Gold:   139        SH:  0    Dex: 16    Spells: 0/5 levels left
                                        Lives:  0   Deaths: 0

rFire    . . .     SeeInvis +     - Unarmed
rCold    . . .     Gourm    .   (shield unavailable)
rNeg     . . .     Faith    .   (armour unavailable)
rPois    .         Spirit   .   (helmet unavailable)
rElec    .         Reflect  .   (cloak unavailable)
rCorr    .         Harm     .   (gloves unavailable)
MR       .....                  (boots unavailable)
Stlth    +++.......             (no amulet)
HPRegen  0.05/turn              (no ring)
MPRegen  0.10/turn              (no ring)

@: quick
A: very small, no armour, no weapons or thrown items, stealth, claws 1, fangs 3,
see invisible, carnivore, speed 1, shaggy fur 1, slow metabolism 1, sharp paws
a: no special abilities


You were on level 2 of the Dungeon.
You were completely stuffed.

You visited 1 branch of the dungeon, and saw 2 of its levels.

You collected 139 gold pieces.

Inventory:

Missiles
 g - 27 stones
Scrolls
 a - 2 scrolls of identify {unknown}
 b - 2 scrolls of teleportation
 e - a scroll of amnesia {unknown}
 f - a scroll of blinking {unknown}
 i - a scroll of immolation {unknown}
Comestibles
 c - 3 rations
 h - a chunk of flesh


   Skills:
 + Level 3.2 Fighting
 + Level 1.3 Dodging
 + Level 2.5 Stealth
 * Level 2.6 Unarmed Combat
 + Level 1.5 Spellcasting
 - Level 3.0 Hexes
 + Level 0.8 Translocations
   Level 1.1 Evocations


You couldn't memorise any spells.
You knew the following spells:

 Your Spells              Type           Power        Failure   Level  Hunger
a - Magic Dart            Conj           #...         24%         1    ##.....
b - Blink                 Tloc           N/A          26%         2    ###....
c - Slow                  Hex            ##......     11%         2    ###....

Your spell library contained the following spells:

 Spells                   Type           Power        Failure   Level  Hunger
 Call Imp                 Summ           #.......     34%         2    ###....
 Conjure Flame            Conj/Fire      #.......     56%         3    ####...
 Mephitic Cloud           Conj/Pois/Air  #.......     56%         3    ####...


Dungeon Overview and Level Annotations

Branches:
Dungeon (2/15)

Altars:


Innate Abilities, Weirdness & Mutations

You cannot wear armour.
You are incapable of wielding weapons or throwing items.
Your paws allow you to move quietly. (Stealth)
You have sharp claws.
You have razor-sharp teeth.
You have supernaturally acute eyesight. (SInv)
You are carnivorous and can eat meat at any time.
You cover ground quickly.
You are covered in fur. (AC +1)
You have a slow metabolism.
Your sharp claws are effective at attacking unaware monsters.


Message History

An orc comes into view. It is wielding a +2 dagger of venom.
The orc priest shouts!
The orc shouts! x2
The orc throws a silver boomerang.
The silver boomerang closely misses you.
The weapon returns to the orc!
The orc shouts!
The orc shouts!
The orc closely misses you.
You scratch the orc.
The orc is moderately wounded.
You barely miss the orc.
The orc is moderately wounded.
The orc barely misses you.
The orc priest mumbles some strange prayers to Beogh against you.
Beogh smites you!
Ouch! That really hurt!
* * * LOW HITPOINT WARNING * * *
It was a potion of magic.
Magic courses through your body. The orc hits you with a +0 flail.
You die...

####
##################
...#
#.........@ooooo..
##.#
#.################
#.####.######
##...........#
......#.####.#
##.##.#.####.##
##)##.........#
.)......####†.#
.......#####..###


You could see an orc priest and 4 orcs.

Vanquished Creatures
  An adder (D:2)
  A leopard gecko (D:2)
  5 bats
  3 giant cockroaches (D:1)
  7 goblins
  5 hobgoblins
  6 kobolds
  A quokka (D:2)
  A frilled lizard (D:2)
  2 rats
32 creatures vanquished.

Notes
Turn   | Place    | Note
-------+----------+-------------------------------------------
     0 | D:1      | Descartes the Felid Wanderer began the quest for the Orb.
     0 | D:1      | Descartes set off with the following items: 2 scrolls of
                  | teleportation, a ration; and the following spell memorised:
                  | Magic Dart; and the following spells available to memorise:
                  | Slow, Blink, Call Imp, Conjure Flame, Mephitic Cloud
     0 | D:1      | Reached XP level 1. HP: 10/10 MP: 3/3
   463 | D:1      | Reached XP level 2. HP: 14/14 MP: 4/4
  1248 | D:1      | Reached skill level 1 in Dodging
  1433 | D:1      | Learned a level 2 spell: Blink
  1675 | D:2      | Reached XP level 3. HP: 4/17 MP: 6/6
  2394 | D:2      | Learned a level 2 spell: Slow
  2466 | D:2      | Slain by an orc

Levels and vault maps discovered:
D:1:      psy_arrival_radial01, layout_basic
D:2:      layout_loops_ring, nicolae_qazlal_style_of_elements,
          uniq_crazy_yiuf_cottage

Skill      XL: |  1  2 |
---------------+-------+-----
Stealth        | 2 |  2.5
Dodging        | 1 |  1.3
Fighting       | |  3.2
Unarmed Combat | |  2.6
Spellcasting   | |  1.5
Hexes          | |  3.0
Translocations | |  0.8
Evocations     | |  1.1

Action                   || total
-------------------------++-------
Melee: Unarmed           ||   100
       Bite              ||     6
  Use: Potion            ||     1
 Stab: Sleeping          ||     8
  Eat: Chunk             ||    10
Armor: Skin              ||     9
Dodge: Dodged            ||    73
